 Dungeon Crawl Stone Soup version 0.26-a0-812-g31a745ddcd (webtiles) character file.

Game seed: 14577351063745988326

280 Dracia the Chiller (level 6, -9/41 HPs)
             Began as a Demonspawn Ice Elementalist on Dec 3, 2020.
             Mangled by a gnoll sergeant
             ... wielding a +0 trident
              (12 damage)
             ... on level 4 of the Dungeon.
             The game lasted 00:04:47 (2544 turns).

Dracia the Chiller (Demonspawn Ice Elementalist)    Turns: 2544, Time: 00:04:47

Health: -9/41      AC:  3    Str: 10    XL:     6   Next: 5%
Magic:  4/9        EV: 12    Int: 16    God:
Gold:   91         SH:  0    Dex: 14    Spells: 2/9 levels left

rFire    . . .     SeeInvis .   b - +0 dagger
rCold    . . .     Faith    .   (no shield)
rNeg     . . .     Spirit   .   a - +0 robe
rPois    .         Reflect  .   i - +0 helmet
rElec    .         Harm     .   (no cloak)
rCorr    .         Rampage  .   (no gloves)
MR       .....                  (no boots)
Stlth    ++........             (no amulet)
HPRegen  0.13/turn              (no ring)
MPRegen  0.11/turn              (no ring)

@: mighty, frozen ramparts
A: claws 2, spiny 1
a: no special abilities


You were on level 4 of the Dungeon.
You visited 1 branch of the dungeon, and saw 3 of its levels.

You collected 91 gold pieces.


Innate Abilities, Weirdness & Mutations

You have very sharp fingernails.
You are partially covered in sharp spines.


   Skills:
 - Level 1.7 Dodging
 - Level 1.7 Stealth
 - Level 2.0 Spellcasting
 + Level 6.7 Ice Magic


You had 2 spell levels left.
You knew the following spells:

 Your Spells              Type           Power        Failure   Level
a - Frozen Ramparts       Ice            ###...       4%          3
b - Ozocubu's Armour      Ice            ###.....     4%          3
f - Freeze                Ice            ###.         1%          1

Your spell library contained the following spells:

 Spells                   Type           Power        Failure   Level
 Hailstorm                Conj/Ice       ##......     45%         4
 Summon Ice Beast         Ice/Summ       ##......     45%         4

Inventory:

Hand Weapons
 b - a +0 dagger (weapon)
Missiles
 g - 12 poisoned darts (quivered)
Armour
 a - a +0 robe (worn)
 i - a +0 helmet (worn)
Scrolls
 c - 3 scrolls of remove curse {unknown}
 f - 2 scrolls of enchant weapon {unknown}
 h - a scroll of identify {unknown}
 k - a scroll of enchant armour {unknown}
 l - a scroll of teleportation {unknown}
Potions
 d - 2 potions of attraction {unknown}
 j - a potion of invisibility {unknown}

Dungeon Overview and Level Annotations

Branches:
Dungeon (2/15)

Altars:
The Shining One

........#.######.
.#####...........
##.#.###### #...#
##..# #..# #..#
#..# #@.# #).#
#.....gg.#
#......g.#
#.########


You could see a gnoll sergeant and 2 gnolls.


Message History

Your fingernails sharpen.
The gnoll sergeant shouts!
The wall freezes the gnoll.
The gnoll hits you.
You struggle against the net.
The wall freezes the gnoll.
The gnoll barely misses you.
You struggle against the net.
The wall freezes the gnoll.
The gnoll is struck by your spines. The gnoll hits you.
The wall freezes the gnoll sergeant.
The gnoll sergeant barely misses you.
A gnoll comes into view.
You shred the net and break free!
The wall freezes the gnoll.
You kill the gnoll!
The wall freezes the gnoll sergeant.
The gnoll sergeant hits you from afar with a +0 trident.
A gnoll comes into view.
The gnoll shouts!
The wall freezes the gnoll!
The gnoll hits you with a +0 spear.
* * * LOW HITPOINT WARNING * * *
The wall freezes the gnoll.
The wall freezes the gnoll sergeant.
The gnoll sergeant hits you with a +0 trident!
* * * LOW HITPOINT WARNING * * *
Things that are here:
a +0 flail; a gnoll corpse The wall freezes the gnoll.
The gnoll hits you from afar with a +0 spear!
* * * LOW HITPOINT WARNING * * *
It was a potion of might.
You feel very mighty all of a sudden.
The wall freezes the gnoll sergeant.
The gnoll sergeant hits you from afar with a +0 trident!
You die...

Skill      XL: |  1  2  3  4  5 |
---------------+----------------+-----
Ice Magic      | 4 5 6 |  6.7
Dodging        | |  1.7
Stealth        | |  1.7
Spellcasting   | |  2.0

Action                   |  1- 3 |  4- 6 || total
-------------------------+-------+-------++-------
Melee: Unarmed           |    25 |       ||    25
       Dagger            |    20 |    12 ||    32
 Cast: Freeze            |    30 |    19 ||    49
       Frozen Ramparts   |       |     2 ||     2
       Ozocubu's Armour  |       |     1 ||     1
  Use: Potion            |       |     1 ||     1
 Stab: Sleeping          |     1 |     1 ||     2
       Distracted        |       |     1 ||     1
Armor: Robe              |    13 |     6 ||    19
Dodge: Dodged            |    41 |     9 ||    50

Levels and vault maps discovered:
D:1:      nzn_arrival_depleted_hourglass, layout_loops_ring,
          minmay_misc_feat_ornament
D:2:      cheibrodos_helix_gallery, layout_rooms, tso_oasis_becter,
          chequers_ecumenical_altar_twisty, dk_vineyard_2, uniq_robin
D:4:      layout_loops_ring, minivault_27, uniq_natasha

Notes
Turn   | Place    | Note
-------+----------+-------------------------------------------
     0 | D:1      | Dracia the Demonspawn Ice Elementalist began the quest for
                  | the Orb.
     0 | D:1      | Reached XP level 1. HP: 13/13 MP: 3/3
   458 | D:1      | Reached skill level 4 in Ice Magic
   458 | D:1      | Gained mutation: You are partially covered in sharp spines.
                  | [demonic ancestry]
   458 | D:1      | Reached XP level 2. HP: 10/19 MP: 1/5
  1008 | D:1      | Reached XP level 3. HP: 22/24 MP: 6/6
  1113 | D:1      | Learned a level 3 spell: Frozen Ramparts
  1557 | D:1      | Reached skill level 5 in Ice Magic
  1609 | D:2      | Gained mutation: You have sharp fingernails. [demonic
                  | ancestry]
  1609 | D:2      | Reached XP level 4. HP: 18/30 MP: 1/7
  1883 | D:2      | Found a glowing golden altar of the Shining One.
  1973 | D:2      | You fall into a shaft and drop 2 floors!
  1976 | D:4      | Reached XP level 5. HP: 35/35 MP: 5/8
  2016 | D:4      | Noticed Natasha
  2022 | D:4      | Killed Natasha
  2022 | D:4      | Reached skill level 6 in Ice Magic
  2027 | D:4      | Learned a level 3 spell: Ozocubu's Armour
  2538 | D:4      | Gained mutation: You have very sharp fingernails. [demonic
                  | ancestry]
  2538 | D:4      | Reached XP level 6. HP: 31/41 MP: 3/9
  2543 | D:4      | HP: 2/41 [gnoll/+0 spear (7)]
  2544 | D:4      | Mangled by a gnoll sergeant

Vanquished Creatures
  A scorpion (D:4)
  An orc priest (D:4)
  2 orc wizards (D:4)
  Natasha (D:4)
  5 gnolls
  2 adders
  2 oozes
  3 dart slugs (D:1)
  2 leopard geckos
  2 orcs (D:4)
  3 bats
  3 giant cockroaches
  5 goblins
  4 hobgoblins
  A jackal (D:2)
  3 kobolds (D:1)
  2 quokkas (D:2)
  A frilled lizard (D:2)
  A quokka skeleton (D:4)
  4 rats (D:1)
48 creatures vanquished.

Table legend: (Time is in decaauts)
 A = Elapsed time spent in this place.
 B = Non-inter-level travel time spent in this place.
 C = Inter-level travel time spent in this place.
 D = Time resting spent in this place.
 E = Time spent auto-exploring this place.
 F = Levels seen in this place.
 G = Mean time per level.
                   A        B        C        D        E       F      G
               +--------+--------+--------+--------+--------+-----+--------+
         Total |   2554 |   2535 |     19 |    796 |   1412 |   3 |  851.3 |
       Dungeon |   2554 |   2535 |     19 |    796 |   1412 |   3 |  851.3 |
               +--------+--------+--------+--------+--------+-----+--------+

Top non-repeatable levels by time:
     D:1: 1693 daAuts
     D:4: 576 daAuts
     D:2: 284 daAuts

Table legend:
 A = Non-vault XP
 B = Vault XP
 C = Vault XP percentage of total XP
 D = Non-vault monster count
 E = Vault monster count
 F = Vault count percentage of total count
                 A         B        C        D         E       F
            +---------+---------+-------+---------+---------+-------
      Total |     361 |      39 |   9.8 |      45 |       3 |   6.2
            +---------+---------+-------+---------+---------+-------
        D:1 |      89 |       0 |   0.0 |      24 |       0 |   0.0
        D:2 |      36 |       4 |  10.0 |      10 |       2 |  16.7
        D:4 |     236 |      35 |  12.9 |      11 |       1 |   8.3
            +---------+---------+-------+---------+---------+-------
